AoeStats
← Covid19

Arabia

510576987Analyzed
2v2 RM · 20h ago on Oct 1, 2026· 40m 34s· 4 players
Game mode
Random Map
Map size
Medium (4 player)
Population
200
Speed
Normal
Resources
Standard
Victory
Conquest
Starting age
Dark Age
Ending age
Imperial Age
RankedLock teamsTeams togetherTeam positionsShared explorationLock speedFull tech treeHidden civsTurbo modeCheats
Victory
Defeat
🇩🇪 Magyars · Germany
1077
+13
🇩🇪 Goths · Germany
1055
+15
🇷🇺 Armenians · Russia
1032
-14
🇦🇷 Inca · Argentina
1011
-14
B O M B E R
9:37 Loom
11:59 Feudal Age
13:12 Man-at-Arms
14:24 Arson
16:19 Long Swordsman
17:52 Scale Mail Armor
18:02 Forging
22:36 Castle Age
22:16 Double-Bit Axe
22:15 Horse Collar
22:28 Gold Mining
24:25 Chain Mail Armor
24:45 Iron Casting
25:10 Gambesons
25:26 Squires
24:49 Two-Handed Swordsman
30:23 Padded Archer Armor
30:14 Fletching
30:32 Cilician Fleet
32:52 Leather Archer Armor
32:33 Bodkin Arrow
36:13 Gold Shaft Mining
35:48 Bow Saw
OWEN123456
10:22 Feudal Age
11:04 Champi Runner
13:33 Arson
13:34 Horse Collar
14:59 Fletching
15:10 Padded Archer Armor
16:06 Loom
16:38 Scale Mail Armor
19:51 Double-Bit Axe
26:02 Castle Age
24:47 Gold Mining
29:15 Champi Warrior
Event 201
1:13 Loom
12:09 Feudal Age
13:44 Double-Bit Axe
13:42 Horse Collar
14:24 Man-at-Arms
21:14 Scale Mail Armor
22:34 Forging
25:24 Castle Age
27:02 Long Swordsman
27:48 Fletching
28:47 Squires
32:09 Wheelbarrow
41:05 Hand Cart
Covid19
7:27 Loom
10:22 Feudal Age
11:23 Double-Bit Axe
11:34 Horse Collar
18:17 Scale Barding Armor
19:12 Town Watch
23:11 Castle Age
23:07 Bloodlines
22:50 Fletching
23:49 Bodkin Arrow
23:48 Gold Mining
24:57 Bow Saw
30:17 Heavy Plow
34:07 Chain Barding Armor
Connection lost

Rejoining the realm…

Still unreachable

The connection could not be restored.

Session expired

The server has moved on; the page needs a fresh start.